 Dungeon Crawl Stone Soup version 0.27.0-1-g7a089689b8 (webtiles) character file.

Game seed: 10391143020791938287

47 Angani the Conjurer (level 3, 0/25 HPs)
             Began as a Palentonga Conjurer on July 30, 2021.
             Was a Follower of Uskayaw.
             Slain by Edmund (11 damage)
             ... on level 4 of the Dungeon.
             The game lasted 00:06:02 (1554 turns).

Angani the Conjurer (Palentonga Conjurer)           Turns: 1554, Time: 00:06:02

Health: 0/25       AC:  4    Str: 11    XL:     3   Next: 48%
Magic:  3/7        EV:  9    Int: 18    God:    Uskayaw [*.....]
Gold:   33         SH:  0    Dex:  8    Spells: 2/7 levels left

rFire    . . .     SeeInvis +   (no weapon)
rCold    . . .     Faith    .   (no shield)
rNeg     . . .     Spirit   .   a - +0 robe
rPois    .         Reflect  .   (no helmet)
rElec    .         Harm     .   (no cloak)
rCorr    .         Rampage  .   (no gloves)
Will     .....                  (no barding)
Stlth    +.........             (no amulet)
HPRegen  0.08/turn              (no ring)
MPRegen  0.10/turn              (no ring)

@: no status effects
A: large, rugged brown scales 3, see invisible, deformed body, roll 1, armoured
tail
a: Rolling Charge, Renounce Religion, Stomp


You were on level 4 of the Dungeon.
You worshipped Uskayaw.
Uskayaw was noncommittal.
You visited 1 branch of the dungeon, and saw 3 of its levels.

You collected 33 gold pieces.

Inventory:

Armour
 a - a +0 robe (worn)
Scrolls
 c - a scroll of holy word {unknown}
 e - a scroll of silence {unknown}
Potions
 d - a potion of lignification {unknown}


   Skills:
 - Level 1.5 Dodging
 - Level 1.2 Stealth
 + Level 2.8 Spellcasting
 + Level 4.2 Conjurations
 + Level 0.7 Translocations


You had 2 spell levels left.
You knew the following spells:

 Your Spells              Type           Power      Damage    Failure   Level
a - Magic Dart            Conj           68%        1d6       3%          1
b - Searing Ray           Conj           34%        3d4       4%          2
c - Blink                 Tloc           N/A        N/A       19%         2

Your spell library contained the following spells:

 Spells                   Type           Power      Damage    Failure   Level
 Dazzling Flash           Conj/Hex       20%        N/A       22%         3
 Iskenderun's Mystic Bla  Conj/Tloc      11%        2d4       52%         4
 Fulminant Prism          Conj/Hex       5%         3d7       56%         4
 Manifold Assault         Tloc           5%         N/A       98%         5
 Storm Form               Tmut/Air       1%         N/A       100%        7


Dungeon Overview and Level Annotations

Branches:
Dungeon (2/15)

Altars:
Uskayaw

Shops:
D:2 !

Annotations:
D:2 Terence
D:4 Edmund


Innate Abilities, Weirdness & Mutations

You are completely covered in rugged brown scales. (AC +3, +7% HP)
You have supernaturally acute eyesight. (SInv)
Armour fits poorly on your strangely shaped body.
You can roll at nearby foes to attack.
You have a long armoured tail.


Message History

Unknown command.
Casting: Magic Dart (safe; 3% risk of failure)
Confirm with . or Enter, or press ? or * to list all spells.
Aiming: Searing Ray (safe; 4% risk of failure)
Press: ? - help, Shift-Dir - straight line, f - Edmund
Aim: Edmund, wielding a +5 vorpal flail and wearing a +0 scale mail (heavily wounded, ally target, 81% to hit)
Really fire in your gnoll's direction?
Okay, then.
Unknown command.
Casting: Searing Ray (safe; 4% risk of failure)
Confirm with . or Enter, or press ? or * to list all spells.
Aiming: Searing Ray (safe; 4% risk of failure)
Press: ? - help, Shift-Dir - straight line, f/p - Edmund
Aim: Edmund, wielding a +5 vorpal flail and wearing a +0 scale mail (heavily wounded, ally target, 81% to hit)
The searing ray misses Edmund. (Press . to maintain the ray.)
The hound bites your gnoll.
Your gnoll barely misses the hound.
Your gnoll hits Edmund with a +0 spear.
Unknown command.
Unknown command.
Casting: Searing Ray (safe; 4% risk of failure)
Confirm with . or Enter, or press ? or * to list all spells.
Restarting spell: Searing Ray (safe; 4% risk of failure)
Press: ? - help, Shift-Dir - straight line, f/p - Edmund
Aim: Edmund, wielding a +5 vorpal flail and wearing a +0 scale mail (heavily wounded, ally target, 81% to hit)
The searing ray hits Edmund.
Edmund is severely wounded. (Press . to maintain the ray.)
The hound bites your gnoll. Edmund completely misses you.
The hound bites your gnoll.
Your gnoll dies!
Your gnoll's corpse dissolves into shadows!
Your kobold completely misses Edmund.
Your gnoll completely misses Edmund.
Really fire in your gnoll's direction?
Okay, then.
You stop channeling your searing ray.
Edmund barely misses you.
Your gnoll closely misses Edmund.
Your kobold hits Edmund but does no damage.
The hound bites your gnoll. Edmund hits you with a +5 vorpal flail!
You die...

.# .. .
#.... .#
#..... #.
#...... #.
.......
#.##[......
#@#..(....
#@#.......
#gK.......
##h.......
#........
##.......
.......
.##.... #.
##..


You could see Edmund (ally target), a hound, a friendly gnoll (summoned) and a
friendly kobold (summoned).

Vanquished Creatures
  An adder (D:2)
  An ufetubus (D:2)
  A ball python (D:1)
  6 bats
  An endoplasm (D:1)
  A giant cockroach (D:2)
  2 hobgoblins (D:1)
  4 jackals (D:1)
  6 kobolds
  2 quokkas
  2 frilled lizards (D:1)
  2 rats (D:2)
29 creatures vanquished.

Vanquished Creatures (others)
  8 fungi (D:1)
  4 plants (D:1)
12 creatures vanquished.

Grand Total: 41 creatures vanquished

Notes
Turn   | Place    | Note
-------+----------+-------------------------------------------
     0 | D:1      | Angani the Palentonga Conjurer began the quest for the Orb.
     0 | D:1      | Reached XP level 1. HP: 13/13 MP: 3/3
   206 | D:1      | Reached XP level 2. HP: 17/20 MP: 1/5
   658 | D:1      | Reached skill level 4 in Conjurations
   759 | D:1      | Found a faded altar of an unknown god.
   766 | D:1      | Became a worshipper of Uskayaw the Reveller
   766 | D:1      | Reached * piety under Uskayaw
   792 | D:1      | Reached ** piety under Uskayaw
  1071 | D:2      | Learned a level 2 spell: Searing Ray
  1074 | D:2      | Learned a level 2 spell: Blink
  1094 | D:2      | Found Umihycuh's Distillery.
  1098 | D:2      | Noticed Terence
  1181 | D:2      | Reached XP level 3. HP: 24/25 MP: 4/7
  1544 | D:2      | You fall into a shaft and drop 2 floors!
  1544 | D:4      | Noticed Edmund
  1554 | D:4      | Slain by Edmund

Illustrated notes

Levels and vault maps discovered:
D:1:      erik_arrival_blinker_ship, layout_basic,
          shapermc_ecumenical_altar_mp_urbaneastern
D:2:      layout_rooms, serial_shops, nicolae_diamond_shop,
          minmay_snake_closets, uniq_terence
D:4:      layout_cave_pods, overflow_temple_1_default,
          minmay_temple_entry_glass, uniq_blork_the_orc, uniq_edmund

Skill      XL: |  1  2 |
---------------+-------+-----
Conjurations   | 4 |  4.2
Dodging        | |  1.5
Stealth        | |  1.2
Spellcasting   | |  2.8
Translocations | |  0.7

Action                   || total
-------------------------++-------
Melee: Unarmed           ||    21
       Tailslap          ||     1
 Cast: Magic Dart        ||    58
       Searing Ray       ||     4
 Abil: Rolling Charge    ||     1
  Use: Scroll            ||     1
Armor: Robe              ||    20
Dodge: Dodged            ||    26
